 Dungeon Crawl Stone Soup version 0.29-a0-103-g37f86683bf (webtiles) character file.

Game seed: 3194838149749495298

57 psuckher the Vandal (level 4, 0/26 HPs)
             Began as a Kobold Wanderer on Feb 1, 2022.
             Was a Believer of Sif Muna.
             Slain by an adder (2 damage)
             ... on level 2 of the Dungeon on Feb 15, 2022.
             The game lasted 00:11:35 (1613 turns).

psuckher the Vandal (Kobold Wanderer)               Turns: 1613, Time: 00:11:38

Health: 0/26       AC:  2    Str:  8    XL:     4   Next: 18%
Magic:  4/4        EV: 14    Int: 10    God:    Sif Muna [**....]
Gold:   91         SH:  0    Dex: 20    Spells: 3/3 levels left

rFire   . . .      SeeInvis .   a - +2 hunting sling
rCold   . . .      Faith    .   (no shield)
rNeg    . . .      Spirit   .   e - +0 robe
rPois   .          Reflect  .   (no helmet)
rElec   .          Harm     .   (no cloak)
rCorr   .          Rampage  .   (no gloves)
Will    .....                   (no boots)
Stlth   +++.......              (no amulet)
HPRegen 0.08/turn               i - ring of flight
MPRegen 0.09/turn               (no ring)

@: flying
A: small, no large weapons, nightstalker 3
a: Renounce Religion, Channel Magic


You were on level 2 of the Dungeon.
You worshipped Sif Muna.
Sif Muna was pleased with you.
You visited 1 branch of the dungeon, and saw 2 of its levels.

You collected 91 gold pieces.

Inventory:

Hand Weapons
 a - a +2 hunting sling (weapon)
 c - a +0 short sword
Missiles
 b - 17 sling bullets (quivered ammo)
 f - 35 stones
Armour
 e - a +0 robe (worn)
Jewellery
 i - a ring of flight (left hand)
Wands
 d - a wand of polymorph (4)
Scrolls
 h - a scroll of teleportation {unknown}
 l - a scroll of brand weapon {unknown}
 m - a scroll of immolation {unknown}
Potions
 g - a potion of flight {unknown}
 j - a potion of haste {unknown}
 k - a potion of might {unknown}
 n - a potion of heal wounds {unknown}


   Skills:
 + Level 1.8 Fighting
 + Level 3.1 Short Blades
 + Level 3.2 Slings
 + Level 1.5 Dodging
 + Level 1.5 Stealth
 + Level 1.0 Invocations
 + Level 2.9 Evocations


You had 3 spell levels left.
You didn't know any spells.
Your spell library was empty.

Dungeon Overview and Level Annotations

Branches:
Dungeon (2/15)

Altars:
Sif Muna


Innate Abilities, Weirdness & Mutations

You are small and have problems with some larger weapons.
You are completely attuned to the shadows.


Message History

The adder closely misses you. The jackal barely misses you.
Fire: 21 sling bullets
Press: ? - help, Q - select action, (/) - cycle Shift-Dir - straight line, f/p - adder
Aim: an adder (severely wounded, 50% to hit)
You shoot a sling bullet.
The sling bullet barely misses the adder.
The jackal closely misses you. The adder closely misses you.
A kobold comes into view. It is wielding a +0 short sword.
The jackal barely misses you. x2
Fire: 20 sling bullets
Press: ? - help, Q - select action, (/) - cycle Shift-Dir - straight line, f/p - adder
Aim: an adder (severely wounded, 50% to hit)
You shoot a sling bullet.
The sling bullet closely misses the adder.
The sling bullet closely misses the kobold.
The adder misses you. The jackal completely misses you. The jackal bites you.
* * * LOW HITPOINT WARNING * * *
The adder bites you.
* * * LOW HITPOINT WARNING * * *
The jackal bites you.
* * * LOW HITPOINT WARNING * * *
Aiming: Polymorph
Press: ? - help, Shift-Dir - straight line, f - jackal, p - adder
Aim: a jackal (will become a frilled lizard, a quokka, or a giant cockroach, chance to affect: 73%)
The jackal evaporates and reforms as a quokka!
The adder barely misses you. The jackal misses you. The quokka misses you.
Fire: 19 sling bullets
Press: ? - help, Q - select action, (/) - cycle Shift-Dir - straight line, f/p - quokka
Aim: a quokka (56% to hit)
You shoot a sling bullet. The sling bullet hits the quokka.
The quokka is moderately wounded.
The jackal barely misses you. The adder misses you.
The quokka barely misses you. The jackal barely misses you.
Fire: 18 sling bullets
Press: ? - help, Q - select action, (/) - cycle Shift-Dir - straight line, f/p - quokka
Aim: a quokka (moderately wounded, 56% to hit)
You shoot a sling bullet. The sling bullet hits the quokka.
The quokka is heavily wounded.
The adder bites you.
You die...

.≈≈≈≈≈####....#
.≈≈≈≈≈.....#
.#≈≈≈≈####.# .##≈≈≈#
#.# .##.### #.#..##
###.# #.#.... . ....#
#.##.#######.#
##########..<..)rh.....
................@SK((..
#####################..


You could see an adder, a quokka, a jackal and a kobold.

Vanquished Creatures
  An adder (D:2)
  A worm (D:2)
  2 ball pythons (D:2)
  4 bats
  5 endoplasms (D:1)
  4 goblins
  8 hobgoblins
  3 jackals (D:2)
  3 quokkas (D:1)
  A jackal skeleton (D:2)
  6 kobolds
  A rat (D:1)
39 creatures vanquished.

Notes
Turn   | Place    | Note
-------+----------+-------------------------------------------
     0 | D:1      | psuckher the Kobold Wanderer began the quest for the Orb.
     0 | D:1      | psuckher set off with the following items: a +2 hunting
                  | sling, 17 sling bullets, a +0 short sword, a wand of
                  | polymorph (5), a +0 robe
     0 | D:1      | Reached XP level 1. HP: 12/12 MP: 1/1
   120 | D:1      | Found a faded altar of an unknown god.
   151 | D:1      | Prayed at the altar of an unknown god.
   151 | D:1      | Became a worshipper of Sif Muna the Loreminder
   151 | D:1      | Reached * piety under Sif Muna
   171 | D:1      | Reached XP level 2. HP: 10/16 MP: 2/2
   406 | D:1      | Reached XP level 3. HP: 20/20 MP: 3/3
   709 | D:1      | Upgraded the game from 0.29-a0-40-g8eb35efe60 to
                  | 0.29-a0-103-g37f86683bf
  1326 | D:2      | Reached ** piety under Sif Muna
  1546 | D:2      | Reached XP level 4. HP: 21/26 MP: 4/4
  1610 | D:2      | HP: 1/26 [jackal (1)]
  1613 | D:2      | Slain by an adder

Illustrated notes

Levels and vault maps discovered:
D:1:      saegor_arrival_simple_e, layout_loops_ring,
          hellmonk_ecumenical_altar_lost_god, minmay_misc_feat_plants,
          st_stairs_3
D:2:      wander_river, layout_loops_ring, st_stairs_1

Skill      XL: |  1  2  3 |
---------------+----------+-----
Short Blades   | 3 |  3.1
Slings         | 3 |  3.2
Fighting       | |  1.8
Dodging        | |  1.5
Stealth        | |  1.5
Invocations    | |  1.0
Evocations     | |  2.9

Action                   |  1- 3 |  4- 6 || total
-------------------------+-------+-------++-------
Melee: Hunting sling     |    15 |       ||    15
 Fire: Hunting sling     |    79 |    13 ||    92
Evoke: Wand              |       |     1 ||     1
Armor: Robe              |    13 |     2 ||    15
Dodge: Dodged            |    39 |    31 ||    70

Table legend: (Time is in decaauts)
 A = Elapsed time spent in this place.
 B = Non-inter-level travel time spent in this place.
 C = Inter-level travel time spent in this place.
 D = Time resting spent in this place.
 E = Time spent auto-exploring this place.
 F = Levels seen in this place.
 G = Mean time per level.
                   A        B        C        D        E       F      G
               +--------+--------+--------+--------+--------+-----+--------+
         Total |   1625 |   1489 |    136 |      0 |      0 |   2 |  812.5 |
       Dungeon |   1625 |   1489 |    136 |      0 |      0 |   2 |  812.5 |
               +--------+--------+--------+--------+--------+-----+--------+

Top non-repeatable levels by time:
     D:1: 1075 daAuts
     D:2: 549 daAuts
